[Event "79th Armenian-HL-ch Women 2024"]
[Site "Yerevan"]
[Date "2024.01.15"]
[Round "4.1"]
[White "Grigoryan, Arpine"]
[Black "Gasparyan, Milena"]
[Result "1/2-1/2"]
[ECO "B40"]
[WhiteElo "2025"]
[BlackElo "1802"]
[Annotator "NA"]
[PlyCount "90"]
[EventDate "2024.01.11"]
[EventType "tourn"]
[EventCountry "ARM"]
[SourceTitle "playchess.com"]
[Source "ChessBase"]
[SourceQuality "1"]
[TimeControl "40/5400+30:1800+30"]

1. e4 c5 2. Nf3 e6 3. d4 cxd4 4. Nxd4 Nf6 5. Bd3 Nc6 6. Nxc6 bxc6 7. O-O d5 8. e5 Nd7 9. Qe2 Qb6 10. Nd2 Nc5 11. Nb3 Nxd3 12. cxd3 Ba6 13. Be3 c5 14. Rfc1 Rc8 15. Qd2 Be7 16. d4 c4 17. Nc5 Bb5 18. Rc3 O-O 19. Bg5 f6 20. exf6 gxf6 21. Bh4 e5 22. b4 cxb3 23. Nxb3 Rxc3 24. Qxc3 e4 25. f3 Qe6 26. fxe4 dxe4 27. Nc5 Qd5 28. Re1 Bxc5 29. dxc5 f5 30. Bf6 Qd3 31. Qe5 Qd7 32. Qg3+ Kf7 33. Be5 Rg8 34. Qb3+ Qe6 35. Qxb5 Qxe5 36. Qd7+ Kf6 37. Qxh7 Qxc5+ 38. Kh1 Rg7 39. Qh4+ Ke6 40. Qh6+ Kf7 41. Rc1 Qb6 42. Qf4 Kg6 43. Rd1 Rd7 44. Qg3+ Kf6 45. Qh4+ Kg6 1/2-1/2

[Event "79th Armenian-HL-ch Women 2024"]
[Site "Yerevan"]
[Date "2024.01.15"]
[Round "4.2"]
[White "Khachatryan, Anna"]
[Black "Gevorgyan, Maria"]
[Result "1-0"]
[ECO "D36"]
[WhiteElo "2022"]
[BlackElo "2272"]
[Annotator "NA RC"]
[PlyCount "81"]
[EventDate "2024.01.11"]
[EventType "tourn"]
[EventCountry "ARM"]
[SourceTitle "playchess.com"]
[Source "ChessBase"]
[SourceQuality "1"]
[TimeControl "40/5400+30:1800+30"]

1. d4 d5 2. c4 e6 3. cxd5 exd5 4. Nc3 Nf6 5. Bg5 Be7 6. e3 c6 7. Bd3 O-O 8. Qc2 h6 9. Bh4 Re8 10. Nge2 Nbd7 11. O-O Ne4 12. Bxe7 Qxe7 13. Rae1 Ndf6 14. f3 Ng5 15. Ng3 c5 16. dxc5 Qxc5 17. Nb5 Ne6 18. Qxc5 Nxc5 19. Bc2 Rd8 20. Rc1 Bd7 21. Nd4 Rac8 22. Rfd1 g6 23. Kf2 Rc7 24. Nge2 Kg7 25. b4 Ne6 26. Bb3 Rdc8 27. Rxc7 Rxc7 28. Rd2 a5 29. bxa5 Rc5 30. Rc2 Rxa5 31. Nxe6+ fxe6 32. Rc7 b6 33. Rb7 Ra6 34. Nf4 Kf7 35. Nd3 Ke7 36. Nb4 Ra8 37. Rxb6 Kd8 38. Ra6 Rc8 39. Nd3 Ne8 40. Ne5 Nc7 41. Rd6 1-0

[Event "79th Armenian-HL-ch Women 2024"]
[Site "Yerevan"]
[Date "2024.01.15"]
[Round "4.3"]
[White "Gaboyan, Susanna"]
[Black "Stepanyan, Alvard"]
[Result "1-0"]
[ECO "A08"]
[WhiteElo "2179"]
[BlackElo "1514"]
[Annotator "NA RC"]
[PlyCount "57"]
[EventDate "2024.01.11"]
[EventType "tourn"]
[EventCountry "ARM"]
[SourceTitle "playchess.com"]
[Source "ChessBase"]
[SourceQuality "1"]
[TimeControl "40/5400+30:1800+30"]

1. Nf3 c5 2. g3 Nc6 3. Bg2 g6 4. O-O Bg7 5. d3 d5 6. Nbd2 e6 7. e4 Nge7 8. Re1 b6 9. Qe2 Qc7 10. Nf1 dxe4 11. dxe4 e5 12. c3 O-O 13. h4 a6 14. h5 b5 15. h6 Bh8 16. Ne3 Rd8 17. a4 Rb8 18. axb5 axb5 19. Nd5 Qb7 20. Bg5 Rd6 21. Qe3 Qd7 22. Nxe7+ Nxe7 23. Qxc5 f6 24. Be3 Rc6 25. Qb4 Qe6 26. Ra7 Bd7 27. Rd1 Rd8 28. Bh3 f5 29. Ng5 1-0

[Event "79th Armenian-HL-ch Women 2024"]
[Site "Yerevan"]
[Date "2024.01.15"]
[Round "4.4"]
[White "Harutyunyan, Meline"]
[Black "Kobak, Polina"]
[Result "1/2-1/2"]
[ECO "A25"]
[WhiteElo "1536"]
[BlackElo "2120"]
[Annotator "NA RC"]
[PlyCount "84"]
[EventDate "2024.01.11"]
[EventType "tourn"]
[EventCountry "ARM"]
[SourceTitle "playchess.com"]
[Source "ChessBase"]
[SourceQuality "1"]
[TimeControl "40/5400+30:1800+30"]

1. c4 e5 2. Nc3 Nc6 3. Nf3 f5 4. d3 Nf6 5. g3 Bb4 6. Bg2 O-O 7. O-O d6 8. Qc2 Bxc3 9. Qxc3 a5 10. b3 h6 11. Bb2 Be6 12. a3 Qe8 13. b4 Qh5 14. d4 axb4 15. axb4 Ne4 16. Qd3 Nxb4 17. Qb3 c5 18. dxe5 b5 19. exd6 Bxc4 20. Qd1 Rad8 21. Ra7 Bf7 22. Qa1 Qg6 23. Nh4 Qh7 24. d7 Bc4 25. Qd1 Nd5 26. Qc2 Nb4 27. Qd1 g5 28. Nf3 Qg6 29. Ne5 Qb6 30. Nxc4 bxc4 31. Qa1 c3 32. Bc1 Rf7 33. Ra8 Nc2 34. Qa4 Nb4 35. Qa1 Rfxd7 36. Rxd8+ Rxd8 37. Bxe4 fxe4 38. Qxc3 Qd6 39. Bb2 Qd4 40. Qb3+ Qd5 41. Qc3 Qd4 42. Qb3+ Qd5 1/2-1/2

[Event "79th Armenian-HL-ch Women 2024"]
[Site "Yerevan"]
[Date "2024.01.15"]
[Round "4.5"]
[White "Avetisyan, Mariam"]
[Black "Khachatryan, Mariam"]
[Result "1-0"]
[ECO "E90"]
[WhiteElo "2043"]
[BlackElo "1567"]
[Annotator "NA RC"]
[PlyCount "65"]
[EventDate "2024.01.11"]
[EventType "tourn"]
[EventCountry "ARM"]
[SourceTitle "playchess.com"]
[Source "ChessBase"]
[SourceQuality "1"]
[TimeControl "40/5400+30:1800+30"]

1. d4 Nf6 2. c4 g6 3. Nc3 Bg7 4. e4 d6 5. Nf3 Bg4 6. Be2 Bxf3 7. Bxf3 e5 8. d5 h5 9. Be3 Bh6 10. Bxh6 Rxh6 11. Qd2 Rh8 12. Bd1 Kf8 13. Bc2 Nbd7 14. g3 Qe7 15. O-O-O a6 16. Rdf1 b5 17. f4 Kg7 18. f5 Nb6 19. Rf3 Nxc4 20. Qg5 Nb6 21. Nd1 Nbd7 22. fxg6 fxg6 23. Ne3 Kh7 24. g4 Qg7 25. gxh5 Nxh5 26. Nf5 Qf6 27. Qg4 Nf4 28. Nd4 Qg7 29. Ne6 Nf6 30. Qg5 Nxe6 31. dxe6 Rhf8 32. Rhf1 Nh5 33. Rf7 1-0

[Event "79th Armenian-HL-ch Women 2024"]
[Site "Yerevan"]
[Date "2024.01.16"]
[Round "5.1"]
[White "Khachatryan, Mariam"]
[Black "Harutyunyan, Meline"]
[Result "0-1"]
[ECO "D36"]
[WhiteElo "1567"]
[BlackElo "1536"]
[Annotator "NA RC"]
[PlyCount "70"]
[EventDate "2024.01.11"]
[EventType "tourn"]
[EventCountry "ARM"]
[SourceTitle "playchess.com"]
[Source "ChessBase"]
[SourceQuality "1"]
[TimeControl "40/5400+30:1800+30"]

1. d4 d5 2. c4 e6 3. Nc3 Nf6 4. cxd5 exd5 5. Bg5 Be7 6. e3 O-O 7. Bd3 Nbd7 8. Nge2 Re8 9. Qc2 Nf8 10. h3 c6 11. f3 Nh5 12. Bf4 Bh4+ 13. Kd2 Nxf4 14. exf4 Qe7 15. Raf1 b5 16. Kc1 Bb7 17. Kb1 a6 18. g3 Bf6 19. g4 c5 20. g5 Bxd4 21. Nxd4 cxd4 22. Ne2 Rac8 23. Qd1 Qe3 24. Nxd4 Qxf4 25. Rhg1 g6 26. Bc2 Nd7 27. Rg4 Qe3 28. f4 Rc4 29. f5 Ne5 30. fxg6 hxg6 31. Rgf4 Nc6 32. R1f3 Rxd4 33. Rxd4 Qxd4 34. Rd3 Qf2 35. Qg4 Ne5 0-1

[Event "79th Armenian-HL-ch Women 2024"]
[Site "Yerevan"]
[Date "2024.01.16"]
[Round "5.2"]
[White "Kobak, Polina"]
[Black "Khachatryan, Anna"]
[Result "0-1"]
[ECO "A37"]
[WhiteElo "2120"]
[BlackElo "2022"]
[Annotator "NA RC"]
[PlyCount "72"]
[EventDate "2024.01.11"]
[EventType "tourn"]
[EventCountry "ARM"]
[SourceTitle "playchess.com"]
[Source "ChessBase"]
[SourceQuality "1"]
[TimeControl "40/5400+30:1800+30"]

1. Nf3 c5 2. c4 Nc6 3. g3 g6 4. Bg2 Bg7 5. Nc3 d6 6. O-O e5 7. d3 Nge7 8. a3 O-O 9. Rb1 a5 10. e4 h6 11. Nd5 Bg4 12. h3 Bd7 13. Kh1 Kh7 14. Ng1 Nxd5 15. exd5 Nd4 16. Ne2 Nxe2 17. Qxe2 f5 18. b4 axb4 19. axb4 b6 20. f4 Re8 21. fxe5 Bxe5 22. Qd2 Bg7 23. bxc5 bxc5 24. Re1 Qc7 25. Bb2 Ra2 26. Rxe8 Bxe8 27. Qe1 Bxb2 28. Qxe8 Be5 29. Rb8 Qg7 30. Kh2 Re2 31. Qa4 Bxg3+ 32. Kh1 Qe7 33. Qa8 Re1+ 34. Bf1 Rxf1+ 35. Kg2 Rf2+ 36. Kxg3 Qe3+ 0-1

[Event "79th Armenian-HL-ch Women 2024"]
[Site "Yerevan"]
[Date "2024.01.16"]
[Round "5.3"]
[White "Gasparyan, Milena"]
[Black "Gaboyan, Susanna"]
[Result "1/2-1/2"]
[ECO "B28"]
[WhiteElo "1802"]
[BlackElo "2179"]
[Annotator "NA RC"]
[PlyCount "140"]
[EventDate "2024.01.11"]
[EventType "tourn"]
[EventCountry "ARM"]
[SourceTitle "playchess.com"]
[Source "ChessBase"]
[SourceQuality "1"]
[TimeControl "40/5400+30:1800+30"]

1. e4 c5 2. Nf3 a6 3. d4 cxd4 4. Nxd4 d5 5. exd5 Qxd5 6. Nc3 Qd6 7. Be2 e5 8. Nb3 Qxd1+ 9. Bxd1 Nf6 10. Bf3 Nc6 11. Be3 Bb4 12. Bd2 Bf5 13. O-O-O O-O 14. Nd5 Nxd5 15. Bxd5 Rac8 16. a3 Be7 17. c3 Nd4 18. Rde1 Bf6 19. Nxd4 exd4 20. Bxb7 dxc3 21. bxc3 Rc4 22. f3 Bxc3 23. Bxc3 Rxc3+ 24. Kd2 Rxa3 25. Ra1 Rb3 26. Bxa6 Rb2+ 27. Ke3 Rxg2 28. Bb7 Re8+ 29. Kf4 Bc2 30. h4 h6 31. h5 Kh7 32. Ra2 Ree2 33. Bd5 g5+ 34. hxg6+ Bxg6 35. Rxe2 Rxe2 36. Be4 Kg7 37. Rc1 h5 38. Kg5 Bxe4 39. fxe4 Rxe4 40. Kxh5 Kf6 41. Rf1+ Ke6 42. Kg5 Re5+ 43. Kg4 Rb5 44. Re1+ Kf6 45. Re4 Kg6 46. Ra4 Rb1 47. Ra6+ f6 48. Ra4 f5+ 49. Kf4 Rf1+ 50. Kg3 Kg5 51. Ra8 Rb1 52. Rg8+ Kf6 53. Rf8+ Ke6 54. Re8+ Kf7 55. Re5 Kf6 56. Re8 Rg1+ 57. Kf3 Rf1+ 58. Kg2 Ra1 59. Kf3 Ra3+ 60. Kf4 Ra4+ 61. Kf3 Kf7 62. Re5 Kg6 63. Re8 Ra6 64. Rg8+ Kf7 65. Rb8 Ra4 66. Rc8 Rd4 67. Ra8 Ke6 68. Re8+ Kf7 69. Ra8 Ke6 70. Re8+ Kf7 1/2-1/2

[Event "79th Armenian-HL-ch Women 2024"]
[Site "Yerevan"]
[Date "2024.01.16"]
[Round "5.4"]
[White "Gevorgyan, Maria"]
[Black "Grigoryan, Arpine"]
[Result "1/2-1/2"]
[ECO "A47"]
[WhiteElo "2272"]
[BlackElo "2025"]
[Annotator "NA RC"]
[PlyCount "152"]
[EventDate "2024.01.11"]
[EventType "tourn"]
[EventCountry "ARM"]
[SourceTitle "playchess.com"]
[Source "ChessBase"]
[SourceQuality "1"]
[TimeControl "40/5400+30:1800+30"]

1. d4 Nf6 2. Nf3 e6 3. Bf4 b6 4. c3 Bb7 5. e3 Bd6 6. Bxd6 cxd6 7. Nbd2 d5 8. Bd3 O-O 9. Qc2 d6 10. g4 Ba6 11. g5 Bxd3 12. Qxd3 Ne8 13. h4 Nc6 14. h5 Rc8 15. O-O-O e5 16. Qf5 $16 Ne7 17. Qg4 e4 18. Nh4 Rc7 19. g6 fxg6 20. Qe6+ Kh8 21. Nxg6+ Nxg6 22. hxg6 h6 23. Qxd5 Nf6 24. Qg5 Kg8 25. Qf5 d5 26. f3 Re7 27. Rdf1 exf3 28. Qxf3 Ne4 29. Qg2 Rxf1+ 30. Rxf1 Ng5 31. Rf5 Rxe3 32. Rxd5 Re1+ 33. Kc2 Qf6 34. Rxg5 hxg5 35. Qa8+ Qf8 36. Qd5+ Kh8 37. Qxg5 Qf6 38. Qg4 Re6 39. Qh5+ Kg8 40. Qh7+ Kf8 41. Qh8+ Ke7 42. Kb3 Re2 43. Nc4 b5 44. Na5 Qxg6 45. Ka3 Qd6+ 46. Kb3 Qe6+ 47. Ka3 Qd6+ 48. Kb3 Qe6+ 49. c4 Qe3+ 50. Kb4 Rxb2+ 51. Nb3 Qxd4 52. Ka3 Rxb3+ 53. axb3 bxc4 54. bxc4 Qc3+ 55. Ka2 Qxc4+ 56. Kb2 Qd4+ 57. Kb3 a5 58. Qc8 Qd5+ 59. Ka3 a4 60. Qc7+ Ke6 61. Qc8+ Qd7 62. Qc4+ Ke7 63. Qe4+ Kf7 64. Qf4+ Ke8 65. Qb8+ Kf7 66. Qf4+ Kg6 67. Qg3+ Kh6 68. Qh4+ Kg6 69. Qg3+ Kh5 70. Qh2+ Kg5 71. Qe5+ Kh4 72. Qe1+ Kh5 73. Qh1+ Kg5 74. Qc1+ Kg4 75. Qg1+ Kh5 76. Qh2+ Kg6 1/2-1/2

[Event "79th Armenian-HL-ch Women 2024"]
[Site "Yerevan"]
[Date "2024.01.16"]
[Round "5.5"]
[White "Stepanyan, Alvard"]
[Black "Avetisyan, Mariam"]
[Result "1/2-1/2"]
[ECO "D42"]
[WhiteElo "1514"]
[BlackElo "2043"]
[Annotator "NA RC"]
[PlyCount "140"]
[EventDate "2024.01.11"]
[EventType "tourn"]
[EventCountry "ARM"]
[SourceTitle "playchess.com"]
[Source "ChessBase"]
[SourceQuality "1"]
[TimeControl "40/5400+30:1800+30"]

1. e4 c6 2. d4 d5 3. exd5 cxd5 4. c4 e6 5. Nc3 Nf6 6. Nf3 Be7 7. cxd5 Nxd5 8. Bd3 Nc6 9. O-O Bf6 10. Ne4 Bxd4 11. Nxd4 Nxd4 12. Bg5 Qb6 13. Qh5 $11 Bd7 14. Rad1 Kf8 15. Bc4 f6 16. Bxd5 exd5 17. Nxf6 gxf6 18. Be3 Qe6 19. Bxd4 Re8 20. Bc5+ Kg7 21. Rd3 Rhg8 22. Rh3 Qf5 23. Qh6+ Kh8 24. Bd4 Re6 25. Rg3 a6 26. h4 Be8 27. Rg5 Rxg5 28. hxg5 Kg8 29. Bxf6 Qg6 30. Qh3 Bd7 31. Qg3 h6 32. Qb8+ Qe8 33. Qxb7 hxg5 34. Bc3 d4 35. Bxd4 Qf7 36. Qb8+ Re8 37. Qg3 Qd5 38. Be3 g4 39. Rc1 Re7 40. Qb8+ Re8 41. Qf4 Re4 42. Qb8+ Re8 43. Qb6 Re6 44. Qd8+ Re8 45. Qg5+ Qxg5 46. Bxg5 Re2 47. Bf6 Be6 48. a3 a5 49. Rc7 a4 50. Ra7 Re4 51. Bc3 Bb3 52. Kh2 Kf8 53. Kg3 Ke8 54. Rb7 Bd1 55. Rb4 Re7 56. Rd4 Rd7 57. Rxd1 Rxd1 58. Kxg4 Kf7 59. f4 Rg1 60. g3 Kg6 61. f5+ Kf7 62. Kf4 Rf1+ 63. Kg5 Rf3 64. g4 Rf1 65. Kh4 Rf3 66. Kg5 Rf1 67. f6 Rf3 68. Kh5 Rh3+ 69. Kg5 Rf3 70. Kh5 Rh3+ 1/2-1/2

[Event "79th Armenian-HL-ch Women 2024"]
[Site "Yerevan"]
[Date "2024.01.17"]
[Round "6.1"]
[White "Grigoryan, Arpine"]
[Black "Kobak, Polina"]
[Result "1/2-1/2"]
[ECO "B30"]
[WhiteElo "2025"]
[BlackElo "2120"]
[Annotator "RC"]
[PlyCount "88"]
[EventDate "2024.01.11"]
[EventType "tourn"]
[EventCountry "ARM"]
[SourceTitle "playchess.com"]
[Source "ChessBase"]
[SourceQuality "1"]
[TimeControl "40/5400+30:1800+30"]

1. e4 c5 2. Nf3 Nc6 3. Bb5 e6 4. O-O Nge7 5. d4 cxd4 6. Nxd4 Ng6 7. Nxc6 bxc6 8. Bd3 Be7 9. c4 O-O 10. Nc3 Bb7 11. Be3 c5 12. f4 Rb8 13. Qd2 Bc6 14. b3 Qb6 15. Qf2 d6 16. Rac1 Qb7 17. Qc2 Bf6 18. Nd1 a5 19. Bd2 Bd4+ 20. Be3 f5 21. exf5 Nh4 22. Rf2 Nxf5 23. Bxd4 cxd4 24. c5 dxc5 25. Qxc5 Bd5 26. Bxf5 Rbc8 27. Bxe6+ Bxe6 28. Qa3 Qe4 29. Rxc8 Rxc8 30. Qxa5 Rc1 31. Rf1 Bd5 32. Qd8+ Kf7 33. Qd7+ Kg8 34. Qd8+ Kf7 35. Qg5 d3 36. Qh5+ Kf8 37. Qf3 Qe2 38. Qxd5 Rxd1 39. Qf5+ Kg8 40. Qd5+ Kf8 41. Qf5+ Kg8 42. Qd5+ Kf8 43. Qf5+ Kg8 44. Qd5+ Kf8 1/2-1/2

[Event "79th Armenian-HL-ch Women 2024"]
[Site "Yerevan"]
[Date "2024.01.17"]
[Round "6.2"]
[White "Stepanyan, Alvard"]
[Black "Gasparyan, Milena"]
[Result "1-0"]
[ECO "B15"]
[WhiteElo "1514"]
[BlackElo "1802"]
[Annotator "NA COMBH"]
[PlyCount "89"]
[EventDate "2024.01.11"]
[EventType "tourn"]
[EventCountry "ARM"]
[SourceTitle "playchess.com"]
[Source "ChessBase"]
[SourceQuality "1"]
[TimeControl "40/5400+30:1800+30"]

1. e4 c6 2. d4 d5 3. Nc3 dxe4 4. Nxe4 Nf6 5. Nxf6+ exf6 6. Bc4 Bd6 7. Qe2+ Qe7 8. Qxe7+ Kxe7 9. Ne2 Bf5 10. c3 Nd7 11. Bf4 Be6 12. Bd3 h5 13. Bxd6+ Kxd6 14. O-O h4 15. c4 Rad8 16. Rfe1 Kc7 17. b4 h3 18. Nf4 Nb6 $11 19. d5 cxd5 20. c5 Nd7 21. Rxe6 fxe6 22. Nxe6+ Kc8 23. Nxd8 Kxd8 24. Bf5 hxg2 25. Rd1 Ne5 26. Kxg2 Rh4 27. Rxd5+ Kc7 28. a3 Rf4 29. Bh3 g5 30. Be6 b6 31. cxb6+ Kxb6 32. Rd8 Rf3 33. Rd6+ Kc7 34. Ra6 Kb8 35. Ra5 Rf4 36. Bd5 Rd4 37. h3 Rd3 38. Be4 Rd4 39. f3 Rd6 $2 ({Better is} 39... Nc4 $1 $14 40. Rb5+ Kc7) 40. Rb5+ Kc8 41. a4 Rd4 42. a5 Nc4 43. a6 Rd2+ 44. Kg1 Nb6 45. Rxb6 1-0

[Event "79th Armenian-HL-ch Women 2024"]
[Site "Yerevan"]
[Date "2024.01.17"]
[Round "6.3"]
[White "Gaboyan, Susanna"]
[Black "Gevorgyan, Maria"]
[Result "1-0"]
[ECO "A00"]
[WhiteElo "2179"]
[BlackElo "2272"]
[Annotator "RC"]
[PlyCount "129"]
[EventDate "2024.01.11"]
[EventType "tourn"]
[EventCountry "ARM"]
[SourceTitle "playchess.com"]
[Source "ChessBase"]
[SourceQuality "1"]
[TimeControl "40/5400+30:1800+30"]

1. Nc3 e5 2. Nf3 Nc6 3. d4 exd4 4. Nxd4 Bc5 5. Be3 Bxd4 6. Bxd4 Nf6 7. g3 d6 8. Bg2 Be6 9. O-O O-O 10. h3 Nxd4 11. Qxd4 c5 12. Qf4 d5 13. Rad1 Qb6 14. b3 Rad8 15. e4 d4 16. Na4 Qa5 17. Qd2 Qc7 18. Nb2 b5 19. Nd3 Bc8 20. Qg5 Nd7 21. b4 c4 22. Nf4 Qe5 23. Qxe5 Nxe5 24. Nd5 Nc6 25. g4 Be6 26. a3 a5 27. f4 axb4 28. Nxb4 Nxb4 29. axb4 c3 30. Rf3 Bc4 31. Bf1 Rfe8 32. e5 Kf8 33. Bd3 Rc8 34. Kf2 Red8 35. Be4 g6 36. Rg3 Ke7 37. Ra1 Rc7 38. Bd3 Ke6 39. Ra6+ Kd5 40. Ke2 Bxd3+ 41. Kxd3 Rc4 42. Rg1 Rxb4 43. Ra7 Ke6 44. Rga1 h6 45. Rc7 g5 46. f5+ Kxe5 47. Rxf7 Ra4 48. Rxa4 bxa4 49. Ra7 h5 50. Rxa4 h4 51. f6 Rd6 52. f7 Rd8 53. Ra5+ Kf4 54. Rf5+ Kg3 55. f8=Q Rxf8 56. Rxf8 Kxh3 57. Kxd4 Kxg4 58. Ke3 Kg3 59. Ke2 g4 60. Kf1 Kh2 61. Rf4 Kg3 62. Rc4 h3 63. Kg1 h2+ 64. Kh1 Kf2 65. Rxg4 1-0

[Event "79th Armenian-HL-ch Women 2024"]
[Site "Yerevan"]
[Date "2024.01.17"]
[Round "6.4"]
[White "Khachatryan, Anna"]
[Black "Khachatryan, Mariam"]
[Result "1-0"]
[ECO "A61"]
[WhiteElo "2022"]
[BlackElo "1567"]
[Annotator "NA RC"]
[PlyCount "121"]
[EventDate "2024.01.11"]
[EventType "tourn"]
[EventCountry "ARM"]
[SourceTitle "playchess.com"]
[Source "ChessBase"]
[SourceQuality "1"]
[TimeControl "40/5400+30:1800+30"]

1. d4 Nf6 2. c4 c5 3. d5 a6 4. a4 e6 5. Nc3 Qe7 6. Nf3 exd5 7. cxd5 d6 8. h3 g6 9. Bf4 Bg7 10. e3 O-O 11. Bd3 Nbd7 12. O-O Rb8 {[%emt 0:03:23] was the old line (12...Ne8).} 13. Bh2 Ne8 {[%emt 0:03:48] [#]} 14. Qd2 $146 ({Predecessor:} 14. Nd2 Ne5 15. Be2 f5 16. Bxe5 Bxe5 17. Nc4 Bg7 18. a5 Nf6 19. Ra3 Nd7 20. Na4 {0-1 Malka,S (2182)-Londono,N (2080) Medellin Easter op 10th 2022 (3)}) 14... f5 15. Rfe1 Ne5 16. Nxe5 dxe5 17. a5 Bd7 18. Rec1 Nd6 19. Bc2 Rbc8 20. Ba4 Bb5 21. Kh1 Rc7 22. f3 Bh6 23. Bxb5 axb5 24. Qe2 c4 25. Re1 Ra8 26. e4 f4 27. Bg1 Bg5 28. Qd2 Bh4 29. Bf2 Bxf2 30. Qxf2 Qd7 31. Qd2 Rc5 32. Na2 Qc7 33. Qc3 Qe7 34. Qb4 Rcc8 35. Nc3 Qd7 36. Ra3 g5 37. Na2 Qc7 38. Qc3 Qg7 39. Nb4 Ra6 40. Raa1 Raa8 41. a6 bxa6 42. Nxa6 Nb7 $16 (42... h5 $11 {remains equal.}) 43. Red1 Qf6 44. Nb4 Nc5 45. Rxa8 Rxa8 46. d6 Rd8 47. Rd5 Nd7 48. Nc6 Ra8 49. Nxe5 Ra1+ 50. Kh2 Nxe5 51. Qxe5 Qxe5 52. Rxe5 Kf7 53. Rxb5 h6 54. Rd5 Ke8 55. Rc5 Kd7 56. Rxc4 Kxd6 57. Rc8 Ke5 58. Rh8 Kd4 59. Rxh6 g4 60. hxg4 Ke3 61. Rc6 1-0

[Event "79th Armenian-HL-ch Women 2024"]
[Site "Yerevan"]
[Date "2024.01.17"]
[Round "6.5"]
[White "Avetisyan, Mariam"]
[Black "Harutyunyan, Meline"]
[Result "1-0"]
[ECO "D35"]
[WhiteElo "2043"]
[BlackElo "1536"]
[Annotator "TA"]
[PlyCount "61"]
[EventDate "2024.01.11"]
[EventType "tourn"]
[EventCountry "ARM"]
[SourceTitle "playchess.com"]
[Source "ChessBase"]
[SourceQuality "1"]
[TimeControl "40/5400+30:1800+30"]

1. d4 d5 2. c4 e6 3. Nc3 Nf6 4. cxd5 exd5 5. Bg5 Be7 6. e3 O-O 7. Bd3 Nbd7 8. Qc2 Re8 9. Nge2 Nf8 10. O-O g6 11. Nf4 c6 12. f3 (12. Rab1 $11) 12... Ne6 (12... Nh5 $15 13. Bh6 (13. Bxe7 Qxe7 14. Rfe1 Nxf4 $15) 13... Bg5 14. Bxg5 Qxg5) 13. Nxe6 $11 {[%emt 0:00:00] The position is equal.} Bxe6 14. Ne2 Nh5 15. Bh6 Rc8 16. f4 (16. Qd2 $11) 16... Ng7 (16... Bg4 $15) 17. Bxg7 $1 Kxg7 18. f5 Bd7 19. Nf4 Bg5 20. Rae1 Bxf4 (20... Kh8 $11) 21. Rxf4 $14 Qg5 22. Qf2 {[%emt 0:00:00] Strongly threatening fxg6.} Rf8 {[%emt 0:03:21] [#]} (22... Kg8 $16 {was called for.}) 23. Rf1 $1 $18 {[%emt 0:00:00] Black must now prevent h4.} gxf5 24. Bxf5 Bxf5 25. Rxf5 Qg6 26. Rf6 Qh5 {[%emt 0:00:26] [#]} (26... Qe4 27. Rxf7+ Rxf7 28. Qxf7+ Kh8 29. Qf6+ (29. Qxb7 Rg8 $11) 29... Kg8) 27. Qf4 {[%emt 0:00:00] Black is weak on the dark squares. White is clearly winning.} Rce8 28. Rf5 Qg6 29. Rg5 Re4 30. Rxg6+ hxg6 31. Qf6+ {[%emt 0:00:00] Weighted Error Value: White=0.16 (very precise) /Black=0.39.  Mistake:       	White=2     	Black=5      OK:         	White=5     	Black=3      Best:        	White=2     	Black=1      Strong:       	White=2     	---} 1-0

[Event "79th Armenian-HL-ch Women 2024"]
[Site "Yerevan"]
[Date "2024.01.18"]
[Round "7.1"]
[White "Harutyunyan, Meline"]
[Black "Khachatryan, Anna"]
[Result "1-0"]
[ECO "D50"]
[WhiteElo "1536"]
[BlackElo "2022"]
[Annotator "NA RC"]
[PlyCount "79"]
[EventDate "2024.01.11"]
[EventType "tourn"]
[EventCountry "ARM"]
[SourceTitle "playchess.com"]
[Source "ChessBase"]
[SourceQuality "1"]
[TimeControl "40/5400+30:1800+30"]

1. d4 Nf6 2. Nf3 e6 3. c4 c5 4. Nc3 cxd4 5. Nxd4 d5 6. Bg5 Be7 7. e3 O-O 8. Be2 dxc4 9. O-O Qa5 10. Bh4 e5 11. Nf3 Bf5 12. Bxc4 Nbd7 13. Qa4 Qxa4 14. Nxa4 Rac8 15. Bb3 b5 16. Nc3 b4 17. Na4 Rfd8 18. Rac1 Kf8 19. Bg3 Bd6 20. Nd4 Bd3 21. Rxc8 Rxc8 22. Rd1 Ba6 23. Ne6+ fxe6 24. Rxd6 Ke7 25. Rxe6+ Kf8 26. h3 Rc1+ 27. Kh2 Bc8 28. Bxe5 Nxe5 29. Rxe5 Rf1 30. f3 h5 31. Nc5 h4 32. Nd3 Rb1 33. Nf4 g5 34. Rxg5 Rxb2 35. Ng6+ Ke8 36. Nxh4 a6 37. e4 Bb7 38. Nf5 Kd8 39. Nd6 Ba8 40. Rg6 1-0

[Event "79th Armenian-HL-ch Women 2024"]
[Site "Yerevan"]
[Date "2024.01.18"]
[Round "7.2"]
[White "Kobak, Polina"]
[Black "Gaboyan, Susanna"]
[Result "0-1"]
[ECO "E94"]
[WhiteElo "2120"]
[BlackElo "2179"]
[Annotator "NA RC"]
[PlyCount "70"]
[EventDate "2024.01.11"]
[EventType "tourn"]
[EventCountry "ARM"]
[SourceTitle "playchess.com"]
[Source "ChessBase"]
[SourceQuality "1"]
[TimeControl "40/5400+30:1800+30"]

1. d4 d6 2. Nf3 Nd7 3. c4 e5 4. Nc3 Ngf6 5. e4 g6 6. Be2 Bg7 7. O-O O-O 8. Be3 h6 9. d5 Ng4 10. Bd2 f5 11. b4 f4 12. Ne1 Ngf6 13. Nd3 g5 14. f3 h5 15. Be1 a6 $16 (15... Rf7 $14 {feels stronger.}) 16. Bf2 Qe8 17. c5 Qg6 18. Qc2 g4 19. Kh1 Rf7 20. Rfc1 h4 21. Bf1 g3 22. Bg1 gxh2 23. Bf2 Nh5 24. Ne2 Ng3+ 25. Bxg3 fxg3 26. Nc3 Bh6 27. Re1 Nf6 28. a4 Nh7 29. Ra2 Ng5 30. Rb1 h3 31. Ne1 Bg4 32. Qd3 Raf8 33. gxh3 Bxf3+ 34. Bg2 Bxg2+ 35. Nxg2 Nxe4 0-1

[Event "79th Armenian-HL-ch Women 2024"]
[Site "Yerevan"]
[Date "2024.01.18"]
[Round "7.3"]
[White "Gasparyan, Milena"]
[Black "Avetisyan, Mariam"]
[Result "0-1"]
[ECO "B19"]
[WhiteElo "1802"]
[BlackElo "2043"]
[Annotator "NA RC"]
[PlyCount "128"]
[EventDate "2024.01.11"]
[EventType "tourn"]
[EventCountry "ARM"]
[SourceTitle "playchess.com"]
[Source "ChessBase"]
[SourceQuality "1"]
[TimeControl "40/5400+30:1800+30"]

1. e4 c6 2. d4 d5 3. Nc3 dxe4 4. Nxe4 Bf5 5. Ng3 Bg6 6. Nf3 Nd7 7. h4 h6 8. Bd3 Bxd3 9. Qxd3 e6 10. Bf4 Ngf6 11. Ne4 Nxe4 12. Qxe4 Nf6 13. Qe2 Qd5 14. c3 Be7 15. Qe5 Rd8 16. Qxd5 Nxd5 17. Be5 f6 18. Bg3 Kf7 19. O-O-O b5 20. Kc2 Rc8 21. b4 a5 22. a3 Ra8 23. Ra1 Ra7 24. Nd2 Rha8 25. Rab1 axb4 26. axb4 Ra2+ 27. Rb2 R8a3 28. Nb1 Ra4 29. Re1 Ra1 30. f3 f5 31. Bf2 R1a2 32. Kb3 Rxb2+ 33. Kxb2 Nf4 34. Rd1 Nxg2 35. Rh1 Nf4 36. Bg3 Nd5 37. Be5 g6 38. Nd2 Ra8 39. Nb3 Ne3 40. Na5 Nc4+ 41. Nxc4 bxc4 42. f4 Ra7 43. Bb8 Ra8 44. Be5 Ra6 45. Bc7 Bf6 46. Bd6 g5 47. hxg5 hxg5 48. fxg5 Bxg5 49. Rh8 f4 50. Rc8 Kg7 51. Be5+ Kf7 52. Bd6 Bh6 53. Rc7+ Kg6 54. Re7 Bf8 55. Rd7 Bxd6 56. Rxd6 Kf5 57. b5 Rb6 58. Rxc6 Rxb5+ 59. Kc2 f3 60. Kd2 Rb2+ 61. Ke1 Rc2 62. Rxc4 Ke4 63. d5+ Ke3 64. Kd1 Rd2+ 0-1